[Event "*** Titled Tuesday Blitz"]
[Site "Chess.com"]
[Date "2019.05.07"]
[Round "10"]
[White "eldur16"]
[Black "Witik"]
[Result "0-1"]
[WhiteElo "2551"]
[BlackElo "2594"]
[TimeControl "180+2"]
[EndTime "15:24:40 PDT"]
[Termination "Witik won by resignation"]

1. d4 d5 2. c4 e6 3. Nc3 c6 4. e4 dxe4 5. Nxe4 Bb4+ 6. Bd2 Qxd4 7. Bxb4 Qxe4+ 8. Ne2 Nd7 9. Bd6 Ne7 10. Rc1 Nf5 11. Ba3 c5 12. Qd2 b6 13. Rc3 Bb7 14. f3 Qh4+ 15. g3 Qf6 16. Bg2 O-O-O 17. O-O Ne5 18.
Qc1 h5 19. b3 h4 20. Bb2 hxg3 21. hxg3 Qg6 22. f4 Ng4 23. Bxb7+ Kxb7 24. Qb1 Qh5 25. Qe4+ Kb8 26. Qg2 Rd2 27. Ba1 f6 28. Rcf3 Nge3 29.
Rxe3 Nxe3 30. g4 Nxg2 31. gxh5 Rxe2 32. Bc3 Rxh5 33. Rf3 Ne3 34. Rg3 Rhh2 35. Rxg7 Rhg2+ 36. Rxg2 Rxg2+ 37. Kh1 f5 0-1

[Event "*** Titled Tuesday Blitz"]
[Site "Chess.com"]
[Date "2019.05.07"]
[Round "10"]
[White "aquaticpineapples"]
[Black "CookiesAndIceCream"]
[Result "0-1"]
[WhiteElo "2126"]
[BlackElo "2378"]
[TimeControl "180+2"]
[EndTime "15:24:40 PDT"]
[Termination "CookiesAndIceCream won by checkmate"]

1. d4 d5 2. Nf3 Nf6 3. e3 Bf5 4. c4 c6 5. Nc3 e6 6. Be2 Be7 7. Nh4 Be4 8. Nxe4 dxe4 9. g3 Nbd7 10. O-O g5 11. Ng2 h5 12. f3 Qc7 13. Qc2 h4 14.
gxh4 gxh4 15. fxe4 O-O-O 16. e5 Rdg8 17. Kh1 Ng4 18. Qe4 f5 19. Qf3 Ndf6 20. Nf4 Ne4 21. Nxe6 Qd7 22. Nf4 Qe8 23. Bd3 Ng5 24. Bxf5+ Kb8 25.
Qxg4 h3 26. Rg1 Qf7 27. e4 Nxe4 28. Bxe4 Rxg4 29. Rxg4 Rg8 30. e6 Qf8 31. Rxg8 Qxg8 32. Be3 Qg4 33. Rg1 Qh4 34. d5 cxd5 35. cxd5 Bd6 36.
Rf1 Kc7 37. Rf3 Qg5 38. Nxh3 Qe5 39. Ng5 Qxh2# 0-1

[Event "*** Titled Tuesday Blitz"]
[Site "Chess.com"]
[Date "2019.05.07"]
[Round "10"]
[White "NemtsevIgor"]
[Black "sergeikim"]
[Result "0-1"]
[WhiteElo "2263"]
[BlackElo "2454"]
[TimeControl "180+2"]
[EndTime "15:24:43 PDT"]
[Termination "sergeikim won by resignation"]

1. d4 Nf6 2. Bf4 g6 3. Nf3 Bg7 4.
e3 d6 5. Be2 O-O 6. O-O Nbd7 7.
c4 b6 8. Nc3 Bb7 9. h3 Ne4 10.
Nxe4 Bxe4 11. Nd2 Bb7 12. Bf3 Qc8 13. Bg5 f6 14. Bf4 e5 15. Bg3 f5 16. dxe5 Nxe5 17. Bd5+ Kh8 18. Nf3 c6 19. Nxe5 dxe5 20. Bf3 Qe6 21.
Qa4 a6 22. e4 b5 23. exf5 gxf5 24. Qb3 e4 25. Be2 f4 26. Bh2 Qg6 27. Kh1 c5 28. f3 e3 29. cxb5 axb5 30. Bxb5 Rab8 31. Bd3 Qg5 32.
Qe6 Bd5 33. Qg4 Qxg4 34. hxg4 Rxb2 35. a4 Rd2 36. Rad1 c4 37. Bf5 c3 38. Rde1 e2 39. Rf2 Bc4 40. Bxf4 Rd1 41. Rxe2 Bxe2 42. Rxd1 Bxd1 43.
a5 Ra8 0-1

[Event "*** Titled Tuesday Blitz"]
[Site "Chess.com"]
[Date "2019.05.07"]
[Round "10"]
[White "Casablanca"]
[Black "LarissaSteenbekkers"]
[Result "1-0"]
[WhiteElo "2147"]
[BlackElo "1969"]
[TimeControl "180+2"]
[EndTime "15:24:44 PDT"]
[Termination "Casablanca won on time"]

1. c4 Nf6 2. g3 g6 3. Bg2 Bg7 4. Nc3 O-O 5. Nf3 d6 6. O-O e5 7. d3 Nc6 8. Bg5 h6 9. Bd2 Be6 10. Rb1 a5 11. a3 Qd7 12. b4 axb4 13. axb4 Bh3 14. b5 Ne7 15. e4 Bxg2 16. Kxg2 Nh5 17.
Qb3 Kh7 18. Nd5 Nxd5 19. cxd5 f5 20. b6 c6 21. dxc6 bxc6 22. b7 Rab8 23. Be3 f4 24.
Ba7 fxg3 25. fxg3 d5 26. Bxb8 Rxb8 27. exd5 cxd5 28. Qb5 Qg4 29. Rb4 e4 30. dxe4 dxe4 31. Nd2 Bc3 32. Rxe4 Qg5 33. Qxg5 hxg5 34. Re7+ Kh6 35.
Ne4 Bd4 36. Rff7 Ng7 37. g4 Rd8 38. Rd7 1-0

[Event "*** Titled Tuesday Blitz"]
[Site "Chess.com"]
[Date "2019.05.07"]
[Round "10"]
[White "Shant_Sargsyan"]
[Black "DrMelekess"]
[Result "1-0"]
[WhiteElo "2963"]
[BlackElo "2783"]
[TimeControl "180+2"]
[EndTime "15:24:45 PDT"]
[Termination "Shant_Sargsyan won by resignation"]

1. d4 Nc6 2. Nf3 d6 3. e4 e5 4. Nc3 Bg4 5. dxe5 dxe5 6. Be3 Qxd1+ 7. Rxd1 Bb4 8. Bb5 f6 9. O-O Bxc3 10. bxc3 Ne7 11.
Bc5 a6 12. Ba4 Be6 13. Bb3 Bxb3 14. axb3 Rd8 15. Nd2 Kf7 16. f3 Ke6 17. Kf2 Rd7 18. Nc4 Rxd1 19. Rxd1 Rd8 20. Rc1 b6 21. Ba3 a5 22. Ke2 Na7 23. Ne3 Nb5 24. Bb2 Rd7 25. Ra1 h5 26. c4 Nd4+ 27. Bxd4 Rxd4 28. Nd5 c6 29. c3 cxd5 30. cxd4 dxe4 31. d5+ Kd6 32.
fxe4 Kc5 33. Kd3 Kb4 34. d6 Nc6 35. d7 Kc5 36. Rd1 Kd6 37. c5+ bxc5 38. Kc4+ Kc7 39.
Kxc5 Nd4 40. Rxd4 exd4 41. Kxd4 Kxd7 42. Kc5 Ke6 43. Kb5 Ke5 44. Kxa5 Kxe4 45. b4 Kd5 46. b5 Kd6 47. Ka6 1-0

[Event "*** Titled Tuesday Blitz"]
[Site "Chess.com"]
[Date "2019.05.07"]
[Round "10"]
[White "AndrewMcStone"]
[Black "Perecke"]
[Result "0-1"]
[WhiteElo "2132"]
[BlackElo "2110"]
[TimeControl "180+2"]
[EndTime "15:24:46 PDT"]
[Termination "Perecke won on time"]

1. d4 d5 2. c4 e6 3. Nc3 Nf6 4. cxd5 exd5 5. Bg5 Be7 6. e3 O-O 7. Bd3 c6 8. Qc2 h6 9. Bh4 Re8 10. Nge2 Ne4 11. Bxe7 Qxe7 12. O-O Bf5 13. Nd1 Qg5 14. f3 Nd6 15. Ng3 Bxd3 16. Qxd3 Nd7 17. e4 Rad8 18. e5 Nc8 19. f4 Qe7 20. Nf5 Qf8 21. Qg3 g6 22.
Nh4 Ne7 23. f5 g5 24. f6 Ng6 25. Nxg6 Qb4 26. Ne7+ Kh8 27. Qe3 c5 28. Nxd5 Qc4 29.
Ne7 cxd4 30. Qb3 Nxe5 31. Qxc4 Nxc4 32. Nf2 Rd6 33. Ne4 Re6 34. Rae1 Ne3 35. Rf3 Rxe4 36. Rh3 Kh7 37. Nf5 Nxf5 0-1

[Event "*** Titled Tuesday Blitz"]
[Site "Chess.com"]
[Date "2019.05.07"]
[Round "10"]
[White "northridgehawk"]
[Black "Karacsonyi_Gellert"]
[Result "0-1"]
[WhiteElo "2256"]
[BlackElo "2546"]
[TimeControl "180+2"]
[EndTime "15:24:47 PDT"]
[Termination "Karacsonyi_Gellert won on time"]

1. e4 c5 2. Nf3 Nc6 3. d4 cxd4 4. Nxd4 g6 5. c4 Nf6 6. Nc3 d6 7. Nc2 Bg7 8. Be2 O-O 9. O-O a5 10. Be3 Be6 11. Qd2 Nd7 12. f3 a4 13. Na3 Qa5 14. Rac1 Rfc8 15. Rfd1 Nce5 16. Bh6 Bxh6 17. Qxh6 Qb6+ 18. Kh1 Nxc4 19. Nxc4 Bxc4 20. Bxc4 Rxc4 21. Nd5 Rxc1 22. Nxe7+ Kh8 23. Rxc1 Qxb2 24. h4 Qe5 25. Nd5 Nc5 26. Rd1 b5 27. Ne3 b4 28. Ng4 Qg7 29.
Qe3 h5 30. Nf2 b3 31. axb3 axb3 32. Rb1 Ra1 33. Qc1 b2 34. Qc2 Rxb1+ 35. Qxb1 Qc3 36. Kh2 Qc1 37. Qa2 b1=Q 38. Qxf7 Qh6 39. Nh3 Qb8 40. Ng5 Qg7 41. Qd5 Qe5+ 0-1

[Event "*** Titled Tuesday Blitz"]
[Site "Chess.com"]
[Date "2019.05.07"]
[Round "10"]
[White "AryanTari"]
[Black "mitrabhaa"]
[Result "1-0"]
[WhiteElo "2878"]
[BlackElo "2690"]
[TimeControl "180+2"]
[EndTime "15:24:48 PDT"]
[Termination "AryanTari won by resignation"]

1. e4 c6 2. d4 d5 3. e5 Bf5 4. h4 h5 5. c4 e6 6. Nc3 Ne7 7. Nge2 Nd7 8. Ng3 Bg6 9. cxd5 Nxd5 10. Be2 Be7 11. Nxd5 cxd5 12. Nxh5 Bxh5 13. Bxh5 g6 14. Be2 Rxh4 15. Rxh4 Bxh4 16. Qb3 Qb6 17. Qxb6 Nxb6 18. b3 Rc8 19. Bd2 a6 20. Bd3 Nd7 21. Ke2 Nb8 22.
Rh1 Be7 23. Rh8+ Kd7 24. Rh7 Ke8 25. g4 Nc6 26. Be3 Bd8 27. Rh8+ Kd7 28. Rh7 Ke8 29. Rh8+ Kd7 30. Bb1 Bb6 31. Rxc8 Kxc8 32. Kd3 Ba5 33.
a3 Bd8 34. Bc2 Be7 35. Bc1 Kd7 36. f4 Bd8 37. Be3 Bb6 38. Kc3 Bd8 39. b4 Be7 40.
Bd3 b5 41. Kb3 Kc7 42. f5 gxf5 43. gxf5 Na7 44. f6 Bd8 45. a4 bxa4+ 46. Kxa4 Kb7 47.
Bh7 Nc6 48. Bg8 Bb6 49. Bxf7 Nxd4 50. Be8 Nc6 51. Bxc6+ Kxc6 1-0

[Event "*** Titled Tuesday Blitz"]
[Site "Chess.com"]
[Date "2019.05.07"]
[Round "10"]
[White "EfrenRamos1"]
[Black "VFernandezB"]
[Result "1/2-1/2"]
[WhiteElo "2339"]
[BlackElo "2361"]
[TimeControl "180+2"]
[EndTime "15:24:49 PDT"]
[Termination "Game drawn by stalemate"]

1. Nf3 Nf6 2. c4 e6 3. b3 d5 4. Bb2 Be7 5. g3 O-O 6. Bg2 c5 7. cxd5 exd5 8. O-O d4 9. d3 Nc6 10. Nbd2 Be6 11. Nc4 Bd5 12. e4 dxe3 13. fxe3 b5 14. Nce5 Nxe5 15. Nxe5 Bxg2 16. Kxg2 Qd5+ 17. Qf3 Rfd8 18.
Nc6 Qxf3+ 19. Kxf3 Rd7 20. Nxe7+ Rxe7 21. Bxf6 gxf6 22.
Ke2 Re6 23. Rf5 Rae8 24. e4 c4 25. bxc4 bxc4 26. Re1 Kg7 27. Rc5 cxd3+ 28. Kxd3 Rd6+ 29. Kc2 Rde6 30. Rc4 f5 31. Kd3 Rd8+ 32. Rd4 Rde8 33.
Re2 Kf6 34. a4 Kg5 35. h3 h5 36. Rd7 fxe4+ 37. Ke3 Ra6 38. Rxf7 Rxa4 39. Rc2 Ra3+ 40.
Kf2 e3+ 41. Ke2 Re5 42. Rg7+ Kf6 43. Rd7 Re6 44. Rd5 Kg6 45. Rd4 Rf6 46. Rf4 Rxf4 47. gxf4 Kf5 48. Kf3 e2+ 49. Kxe2 Rxh3 50. Rc5+ Kxf4 51.
Ra5 Rh2+ 52. Kf1 h4 53. Rxa7 Rd2 54. Rf7+ Kg3 55. Rg7+ Kh2 56. Rg4 h3 57. Rg8 Rg2 58. Rh8 Rg6 59. Rf8 Rg1+ 60. Kf2 Rg2+ 61. Kf1 Rg1+ 62.
Kf2 Ra1 63. Rg8 Ra6 64. Rf8 Rh6 65. Rf7 Kh1 66. Rf8 Rg6 67. Rf7 Rg2+ 68. Kf1 Rg1+ 69.
Kf2 Kh2 70. Rf8 Rg2+ 71. Kf1 Rg3 72. Kf2 Rg4 73. Rf7 Rg2+ 74. Kf1 Kg3 75. Rg7+ Kf3 76. Rxg2 hxg2+ 77. Kg1 Kg3 1/2-1/2

[Event "*** Titled Tuesday Blitz"]
[Site "Chess.com"]
[Date "2019.05.07"]
[Round "10"]
[White "AlexandraBotez"]
[Black "zurzan"]
[Result "1-0"]
[WhiteElo "2005"]
[BlackElo "1986"]
[TimeControl "180+2"]
[EndTime "15:24:49 PDT"]
[Termination "AlexandraBotez won by resignation"]

1. d4 d6 2. c4 f5 3. g3 Nf6 4. Bg2 g6 5. Nc3 Bg7 6. Bf4 O-O 7. Nf3 Nbd7 8. d5 c6 9. O-O Ne5 10. Nxe5 dxe5 11. Bxe5 cxd5 12. cxd5 Kh8 13. Qb3 Re8 14. Rad1 Nd7 15. Bxg7+ Kxg7 16. Qb4 Qb6 17. Qxb6 Nxb6 18. b3 Bd7 19. Rd3 Rac8 20. Rfd1 a6 21. e4 Rc7 22. d6 exd6 23. Rxd6 Rxc3 24. Rxb6 Bc6 25. exf5 Bxg2 26. f6+ Kh6 27. Kxg2 Rc7 28. Rd4 Rf8 29. h4 Rcf7 30. Rf4 g5 31. hxg5+ Kxg5 32. Rfb4 h5 33. f4+ Kg6 34. Rxb7 Rxf6 35. Kh3 Rd8 36. R7b6 Rdd6 37. Rxd6 Rxd6 38. Rb7 Kh6 39. a4 Kg6 40. Rb8 Kf5 41. Re8 Rb6 42. Re5+ Kf6 43. Rxh5 Rxb3 44. a5 Kg6 45.
Rc5 Kf7 46. Kg4 Ke7 47. Rg5 Kd7 48. Kh5 Rb5 49. g4 Rb1 50. Kg6 Rf1 51. f5 Re1 52. f6 Re6 53. Rf5 Ke8 54. Kg7 1-0

[Event "*** Titled Tuesday Blitz"]
[Site "Chess.com"]
[Date "2019.05.07"]
[Round "10"]
[White "rasmussvane"]
[Black "FancyPlaySyndrome"]
[Result "1/2-1/2"]
[WhiteElo "2791"]
[BlackElo "2555"]
[TimeControl "180+2"]
[EndTime "15:25:03 PDT"]
[Termination "Game drawn - insufficient material"]

1. Nf3 g6 2. g3 Bg7 3. Bg2 c5 4. O-O Nc6 5. c3 Nf6 6. d4 cxd4 7. cxd4 d5 8. Ne5 O-O 9. Nc3 Ne4 10. Nxe4 Nxe5 11.
Nc3 Nc6 12. Nxd5 Bxd4 13. Bh6 Bxb2 14. Bxf8 Bxa1 15. Nxe7+ Kxf8 16. Nxc6 Qxd1 17. Rxd1 Bf6 18. Na5 Be6 19. Bxb7 Rb8 20. Bd5 Bxd5 21. Rxd5 Rb2 22. e4 Rxa2 23. e5 Be7 24. Nc6 Ra6 25. Nd4 Ra1+ 26. Kg2 a5 27. Nb3 Ra2 28. Nxa5 Bb4 29. Nc4 Be1 30. Kf1 Bxf2 31. Rd7 Bc5 32. Rc7 Bd4 33. e6 fxe6 34. Rxh7 Rc2 35. Nd6 e5 36.
Ne4 Ra2 37. h4 Rb2 38. g4 Rh2 39. g5 Be3 40. Ke1 Bf4 41. Kd1 Be3 42. Nf6 Bf4 43. h5 Bxg5 44. hxg6 Rxh7 45. Nxh7+ Kg7 46. Nxg5 Kxg6 47. Ne4 Kf5 48. Nc5 e4 49. Nxe4 1/2-1/2

[Event "*** Titled Tuesday Blitz"]
[Site "Chess.com"]
[Date "2019.05.07"]
[Round "10"]
[White "Zq1"]
[Black "BvsN"]
[Result "1-0"]
[WhiteElo "2499"]
[BlackElo "2287"]
[TimeControl "180+2"]
[EndTime "15:25:03 PDT"]
[Termination "Zq1 won by resignation"]

1. d4 d5 2. c4 c6 3. cxd5 cxd5 4. Bg5 Nc6 5. Nc3 f6 6. Bf4 e5 7. dxe5 fxe5 8. Bd2 Nf6 9. e3 Be7 10. Nf3 O-O 11.
Bb5 Bg4 12. h3 Bxf3 13. gxf3 Qb6 14. Ba4 d4 15. Bb3+ Kh8 16. Na4 Qd8 17. Rc1 Rc8 18.
Nc5 Qb6 19. Ne6 Nb4 20. O-O Rxc1 21. Bxc1 Rc8 22. exd4 exd4 23. Qxd4 Qc6 24. Ng5 h6 25.
Nf7+ Kh7 26. Ne5 Qe8 27. a3 Nc6 28. Qd3+ g6 29. Nxc6 Rxc6 30. Re1 Qf8 31. Qe3 Rc7 32. Bd2 Bc5 33. Qf4 Qg7 34. Bc3 Nh5 35. Qh4 Qd7 36. Bc2 Qd5 37. Re5 Qxf3 38. Rxh5 Rd7 39. Rxh6+ Kg8 40. Rxg6+ Kf7 41. Qh7+ Ke8 42. Rg8+ Bf8 43.
Qe4+ Qxe4 44. Bxe4 Rd1+ 45. Kg2 Rd7 46. Bb4 Rf7 47.
Bg6 1-0

[Event "*** Titled Tuesday Blitz"]
[Site "Chess.com"]
[Date "2019.05.07"]
[Round "10"]
[White "Sutormin_DA"]
[Black "cherryandmint"]
[Result "1-0"]
[WhiteElo "2553"]
[BlackElo "2680"]
[TimeControl "180+2"]
[EndTime "15:25:04 PDT"]
[Termination "Sutormin_DA won on time"]

1. e4 c5 2. c3 e6 3. d4 d5 4. exd5 exd5 5. Nf3 Nf6 6. Bb5+ Bd7 7.
Bd3 c4 8. Bc2 Bd6 9. O-O O-O 10.
h3 Nc6 11. Re1 Re8 12. Nbd2 b5 13. Nf1 h6 14. Rxe8+ Qxe8 15. a3 a5 16. Ne3 b4 17.
axb4 axb4 18. Rxa8 Qxa8 19. Bf5 Be8 20. cxb4 Nxb4 21.
Bd2 Nd3 22. Bxd3 cxd3 23. Nf5 Bf8 24. Ne5 Bb5 25. Be3 Qa6 26. Qb3 Ne4 27. Qxd5 Nd6 28. Nxd6 Bxd6 29. Qxf7+ Kh8 30. Qe6 Qa1+ 31. Kh2 Qa6 32.
f4 Bb4 33. Qb3 d2 34. Qc2 Ba4 35. b3 Qe2 36. Bxd2 Bxd2 37. Qc8+ Kh7 38. Qf5+ Kh8 39. bxa4 Qf2 40. Ng6+ Kh7 41. Ne7+ 1-0

[Event "*** Titled Tuesday Blitz"]
[Site "Chess.com"]
[Date "2019.05.07"]
[Round "10"]
[White "pedro_gines"]
[Black "vladimirdamjanovic"]
[Result "1-0"]
[WhiteElo "2384"]
[BlackElo "2534"]
[TimeControl "180+2"]
[EndTime "15:25:06 PDT"]
[Termination "pedro_gines won by resignation"]

1. d4 Nf6 2. c4 c5 3. d5 b5 4. cxb5 a6 5. bxa6 d6 6. Nc3 g6 7.
e4 Bg7 8. Nf3 Qa5 9. Bb5+ Bd7 10.
Bxd7+ Nbxd7 11. O-O O-O 12. a4 Rfb8 13. Qe2 Qxa6 14.
Qxa6 Rxa6 15. Nd2 Rb4 16. Re1 Ng4 17. Kf1 Nxh2+ 18. Ke2 Ng4 19. f4 Nb6 20. a5 Bxc3 21. bxc3 Rb5 22. Kf3 h5 23. e5 Raxa5 24. Rxa5 Rxa5 25.
exd6 exd6 26. Re8+ Kg7 27. Rd8 Ra1 28. Rxd6 Rxc1 29.
Rxb6 Rxc3+ 30. Ke2 Nf6 31. Rxf6 Rg3 32. Rc6 Rxg2+ 33.
Ke3 h4 34. d6 h3 35. Nf3 Kf6 36. d7+ Ke7 37. Rd6 Kd8 38. Ne5 h2 39. Nxf7+ Ke7 40. d8=Q+ Kxf7 41. Qc7+ 1-0

[Event "*** Titled Tuesday Blitz"]
[Site "Chess.com"]
[Date "2019.05.07"]
[Round "10"]
[White "Saitama_Hero"]
[Black "Taron_Shagbazyan"]
[Result "0-1"]
[WhiteElo "2250"]
[BlackElo "2722"]
[TimeControl "180+2"]
[EndTime "15:25:09 PDT"]
[Termination "Taron_Shagbazyan won on time"]

1. d4 Nf6 2. c4 e6 3. Nc3 Bb4 4. f3 d5 5. a3 Bxc3+ 6. bxc3 c5 7. cxd5 exd5 8. e3 O-O 9. Bd3 Re8 10. Ne2 b6 11. O-O Ba6 12. Nf4 Bxd3 13. Qxd3 Nc6 14. g4 h6 15. Ra2 Rc8 16. Rg2 cxd4 17. cxd4 Nh7 18. h4 Na5 19. g5 hxg5 20. hxg5 Nxg5 21. Qf5 f6 22. Nxd5 Nb3 23. f4 Ne4 24. Qg4 Rc7 25. Nxc7 Qxc7 26. Bb2 Nbd2 27. Rc1 Qf7 28. d5 Nd6 29.
Rc6 N2c4 30. Bd4 Re7 31. Rg3 Qxd5 32. Bxf6 Qxc6 33. Bxe7 Ne8 34. Bb4 Qd5 35. Qg6 Qd7 36. f5 Nf6 37. Kh2 Ne5 38. Qxf6 Nf3+ 39. Kg2 Qb7 0-1

[Event "*** Titled Tuesday Blitz"]
[Site "Chess.com"]
[Date "2019.05.07"]
[Round "10"]
[White "SwamiChaturanga"]
[Black "WPWPWP-2015"]
[Result "0-1"]
[WhiteElo "2082"]
[BlackElo "2360"]
[TimeControl "180+2"]
[EndTime "15:25:10 PDT"]
[Termination "WPWPWP-2015 won by resignation"]

1. d4 Nf6 2. Nf3 e6 3. c4 b6 4. Nc3 Bb7 5. g3 Bb4 6. Qb3 Bxc3+ 7. Qxc3 O-O 8. Bg2 c5 9. dxc5 bxc5 10. O-O d5 11. cxd5 Bxd5 12. Qxc5 Nbd7 13. Qd4 Qb6 14. Be3 Rfb8 15. b3 Qa5 16. Bd2 Qa6 17. Rfe1 Ne4 18.
Bf4 Rc8 19. Ne5 Ndf6 20. g4 h6 21. h4 Qb6 22. Red1 Nc3 23. Bf1 Nxd1 24. Qxd1 Ne4 25. e3 Qd8 26. g5 hxg5 27. hxg5 g6 28. Bg2 Kg7 29. Qd4 Qb6 30. Qb2 Nc3 31. Ng4 Kf8 32.
Be5 Qb4 33. Nf6 Bxg2 34. Kxg2 Ke7 35. a3 Qc5 36. Rc1 Qxe5 37. f4 Qxe3 38. Rf1 Qe2+ 39. Qxe2 Nxe2 40. Rf2 Nd4 41. b4 Rc2 0-1

[Event "*** Titled Tuesday Blitz"]
[Site "Chess.com"]
[Date "2019.05.07"]
[Round "10"]
[White "TristanCalistri"]
[Black "Chessdude1987"]
[Result "1-0"]
[WhiteElo "2189"]
[BlackElo "2100"]
[TimeControl "180+2"]
[EndTime "15:25:11 PDT"]
[Termination "TristanCalistri won on time"]

1. e4 e6 2. d4 d5 3. Nd2 c5 4. exd5 exd5 5. Bb5+ Nc6 6. Ne2 Nf6 7. O-O Be7 8. dxc5 Bxc5 9. Nb3 Bb6 10. Ned4 O-O 11. Nxc6 bxc6 12. Bxc6 Rb8 13. Bf4 Bc7 14. Bxc7 Qxc7 15. Bxd5 Nxd5 16. Qxd5 Qxc2 17. Qe5 Be6 18. Rfc1 Qd3 19. Nc5 Qb5 20. b3 Rfd8 21. Qe3 Bf5 22. Rc3 Re8 23. Qf4 Bg6 24. h3 Rbc8 25. Rac1 Qe2 26. a3 h6 27. b4 Rcd8 28. a4 Rd2 29. b5 Red8 30. Qf3 Rd1+ 31. Kh2 Qe1 32. Rxd1 Rxd1 33. a5 Qh1+ 34. Kg3 h5 35. Nd3 h4+ 36. Kxh4 Qf1 37. Nf4 Qxb5 38. Qxd1 f6 39. Kg3 Qg5+ 40. Qg4 Qe5 41. Rc8+ 1-0

[Event "*** Titled Tuesday Blitz"]
[Site "Chess.com"]
[Date "2019.05.07"]
[Round "10"]
[White "Gentlejimmy7"]
[Black "Marcus_Harvey"]
[Result "0-1"]
[WhiteElo "2479"]
[BlackElo "2648"]
[TimeControl "180+2"]
[EndTime "15:25:13 PDT"]
[Termination "Marcus_Harvey won by resignation"]

1. d4 Nf6 2. c4 e6 3. Nf3 Bb4+ 4.
Bd2 Qe7 5. g3 O-O 6. Bg2 Bxd2+ 7. Qxd2 d6 8. O-O e5 9. Nc3 Re8 10. e3 Nc6 11. d5 Nb8 12. Qc2 a5 13. a3 Na6 14. Rab1 g6 15. b4 Bf5 16. e4 Bg4 17. Nd2 Nh5 18. Nb5 Bd7 19. Rfc1 f5 20. Re1 f4 21. Qd3 g5 22. h3 Nf6 23. g4 h5 24. f3 hxg4 25. hxg4 Kg7 26. Kf2 Rh8 27. Rh1 Rxh1 28. Rxh1 axb4 29. axb4 Nxb4 30.
Qb3 Na6 31. Nc3 Nc5 32. Qc2 Qd8 33. Nb3 Nxb3 34. Qxb3 b6 35. Qb2 Qb8 36. Ra1 Ra7 37. Rxa7 Qxa7 38. Qa2 Qxa2+ 39. Nxa2 b5 40. Bf1 bxc4 41.
Bxc4 Kf7 42. Nb4 Ke7 43. Ke2 Nh7 44. Ba6 Nf8 45. Bb7 Ng6 46. Kf2 Kd8 47. Ke2 Bb5+ 48. Kf2 Ne7 49. Kg2 c6 50. Bxc6 Nxc6 51. dxc6 Kc7 52.
Nd5+ Kxc6 53. Nf6 Kc5 54. Nh7 Kd4 55. Nxg5 Ke3 56. Nf7 Be2 57. g5 Bxf3+ 58. Kh3 Bxe4 59. Nxd6 Bg6 60. Kg4 f3 61. Nc4+ Ke2 62. Nxe5 f2 63.
Nxg6 f1=Q 64. Nh4 Ke3 65. g6 Ke4 66. Kg5 Ke5 67. Kh6 Kf6 68. g7 Qf4+ 69. Kh7 Qxh4+ 70. Kg8 Kg6 0-1

[Event "*** Titled Tuesday Blitz"]
[Site "Chess.com"]
[Date "2019.05.07"]
[Round "10"]
[White "Fins0905"]
[Black "TargetA"]
[Result "1-0"]
[WhiteElo "2667"]
[BlackElo "2453"]
[TimeControl "180+2"]
[EndTime "15:25:14 PDT"]
[Termination "Fins0905 won by resignation"]

1. d4 Nf6 2. Nf3 g6 3. Bg5 Bg7 4. Nbd2 d5 5. e3 O-O 6. Be2 c5 7. c3 Nc6 8. dxc5 e5 9. O-O h6 10. Bxf6 Qxf6 11. e4 d4 12. cxd4 exd4 13. Bd3 Rd8 14.
a3 a5 15. Rc1 Be6 16. Qa4 Rac8 17. Nc4 Bxc4 18. Bxc4 Qf4 19. Bd3 g5 20. Qd1 Be5 21. g3 Qf6 22. Kg2 Bb8 23. Rc4 g4 24. Nh4 Ne5 25. Rc2 Ba7 26. b4 axb4 27. axb4 b6 28. Ra2 Rc7 29. Ra6 Qc6 30. Nf5 Kh7 31. Qd2 Re8 32.
Rc1 Nxd3 33. Qxd3 Qxe4+ 34. Qxe4 Rxe4 35. c6 b5 36. Nd6 Re6 37. Nxb5 Bb8 38. Nxc7 Bxc7 39.
b5 d3 40. b6 d2 41. Rd1 Rxc6 42. bxc7 Rxa6 43. c8=Q 1-0

[Event "*** Titled Tuesday Blitz"]
[Site "Chess.com"]
[Date "2019.05.07"]
[Round "10"]
[White "Jbd735"]
[Black "fidezivkovic"]
[Result "0-1"]
[WhiteElo "2429"]
[BlackElo "2296"]
[TimeControl "180+2"]
[EndTime "15:25:17 PDT"]
[Termination "fidezivkovic won by resignation"]

1. e4 c5 2. Nf3 g6 3. d4 cxd4 4. Nxd4 Nc6 5. c4 Nf6 6. Nc3 d6 7. Be2 Nxd4 8. Qxd4 Bg7 9. Qd1 O-O 10. O-O a5 11.
Be3 a4 12. Rc1 Qa5 13. f3 Be6 14. Nd5 Nxd5 15. cxd5 Bd7 16. Bd4 Rfc8 17. Bxg7 Kxg7 18. Qd4+ Kg8 19. h4 Rxc1 20. Rxc1 a3 21. b4 Qa4 22. h5 gxh5 23. f4 Rc8 24. Rxc8+ Bxc8 25. Bd1 Qd7 26. Bxh5 Qc7 27. Qe3 Qc2 28. Qxa3 Qxe4 29. Qc3 Bf5 30. Bf3 Qb1+ 31. Kh2 Qxa2 32. Kg3 Qb1 33. Qc7 Qe1+ 34. Kh2 Qxb4 35. Qxe7 Qxf4+ 36. Kg1 b5 37. Qd8+ Kg7 38. Qb6 b4 39. Qb8 Qd4+ 40. Kh1 Qf4 41. Qb7 Bc2 42. Qc8 b3 43. Qc3+ Qe5 44. Qd2 Bg6 45.
Bd1 b2 46. Bc2 Bxc2 47. Qxc2 Qe1+ 0-1

[Event "*** Titled Tuesday Blitz"]
[Site "Chess.com"]
[Date "2019.05.07"]
[Round "10"]
[White "PaulfromSPb"]
[Black "MateusViageiro"]
[Result "1-0"]
[WhiteElo "2662"]
[BlackElo "2165"]
[TimeControl "180+2"]
[EndTime "15:25:21 PDT"]
[Termination "PaulfromSPb won on time"]

1. a4 d5 2. a5 Nf6 3. h4 a6 4. h5 h6 5. Ra4 e6 6. Nc3 Be7 7. Nf3 O-O 8. g4 Nfd7 9. g5 Bxg5 10. Nxg5 Qxg5 11. d3 Qf6 12. Rg1 Kh7 13. Rag4 Rg8 14. Qd2 Ne5 15. Rf4 Qe7 16. d4 Nc4 17. Qd3+ f5 18. f3 Nd6 19. e4 c6 20. e5 Nf7 21. Rg6 Nh8 22. Rfg4 Nxg6 23. hxg6+ Kh8 24. Bg5 Qe8 25. Rg2 Qxg6 26. Bf6 Qf7 27. Qe3 Kh7 28. Bh4 Nd7 29. Bd3 Nf8 30. f4 Ng6 31. Bf2 Bd7 32. b4 Raf8 33. Kd2 Ne7 34. Kc1 Nc8 35. Kb2 b6 36. Na4 bxa5 37. bxa5 Be8 38. Bxa6 Qc7 39.
Qc3 Na7 40. Nb6 Bh5 41. Qc5 Bf3 42. Rg3 Be4 43. Be1 Rb8 44. Bb4 Nc8 45. Bxc8 Rgxc8 46. Nxc8 Qxc8 47. Ka3 Qb7 48. Rc3 Rc8 49. Qb6 Qa8 50. a6 Bf3 51. Rxf3 Rb8 52. Qa5 Rb5 53. Qa4 Qa7 54.
Bc5 Qa8 55. a7 Rb1 56. Ka2 Rb5 57. Rb3 1-0

[Event "*** Titled Tuesday Blitz"]
[Site "Chess.com"]
[Date "2019.05.07"]
[Round "10"]
[White "MikaelyanArman"]
[Black "valeriocarnicelli"]
[Result "1-0"]
[WhiteElo "2692"]
[BlackElo "2521"]
[TimeControl "180+2"]
[EndTime "15:25:23 PDT"]
[Termination "MikaelyanArman won by resignation"]

1. a3 g6 2. g3 Bg7 3. Bg2 Nf6 4. b4 O-O 5. Bb2 d6 6. e3 e5 7. c4 Nbd7 8. Ne2 Re8 9. O-O Nf8 10. d4 e4 11. Nd2 h5 12. d5 Bf5 13. Nd4 Bd7 14.
Qc2 Qe7 15. h3 c5 16. dxc6 bxc6 17. Ne2 N8h7 18. Rad1 Ng5 19. Nf4 Rad8 20. h4 Ne6 21. Bxf6 Bxf6 22. Nxe4 Nxf4 23. exf4 Bf5 24. Nxf6+ Qxf6 25. Qd2 d5 26. cxd5 cxd5 27. Qd4 Qxd4 28. Rxd4 Be6 29. Rfd1 Rd6 30. b5 Rb8 31. a4 a6 32.
Bf1 axb5 33. Bxb5 Kg7 34. Rc1 Rc8 35. Rxc8 Bxc8 36. a5 Kf6 37. Ra4 Ba6 38. Bxa6 Rxa6 39. Kf1 Ke6 40. Ke2 Kd6 41. Kd3 Kc5 42. Ra1 d4 43. f3 f5 44. Ra2 Kd5 45. Re2 Kd6 46.
Re5 Rc6 47. Kxd4 Rc1 48. Rd5+ Ke6 49. Rb5 Ra1 50. Rb6+ Kf7 51. a6 Ra3 52. Ke5 Re3+ 53. Kd6 Rxf3 54. Kc7 Rxg3 55. a7 Ra3 56. Kb7 1-0

[Event "*** Titled Tuesday Blitz"]
[Site "Chess.com"]
[Date "2019.05.07"]
[Round "10"]
[White "GHANDEEVAM2003"]
[Black "Msb2"]
[Result "1/2-1/2"]
[WhiteElo "2901"]
[BlackElo "2965"]
[TimeControl "180+2"]
[EndTime "15:25:24 PDT"]
[Termination "Game drawn by agreement"]

1. Nf3 d5 2. d4 Nf6 3. c4 c6 4. Nc3 dxc4 5. a4 e6 6. Ne5 c5 7. e3 cxd4 8. exd4 Bd6 9. Bxc4 O-O 10. O-O Nc6 11. Nxc6 bxc6 12. Qf3 Bb7 13. Bg5 Be7 14. Rad1 Qa5 15. Bd2 Qc7 16. Qh3 Rad8 17. Bg5 Nd5 18. Bd3 g6 19. Bxe7 Qxe7 20. Ne4 Nb4 21. Bc4 Ba6 22. Qc3 Nd5 23. Qc1 Bxc4 24. Qxc4 Qb4 25. Qxb4 Nxb4 26. Rd2 Kg7 27. Rc1 Rd5 28. Rc4 Rb8 29. f3 Ra5 30. Nc3 Rb6 31. Rc5 Rba6 32. b3 Rxc5 33. dxc5 Ra5 34. Ne4 Na6 35. Rc2 f5 36. Ng5 Kf6 37. Nxh7+ Ke7 38. Re2 Rxc5 39. Ng5 Nc7 40. Kf2 a5 41. h4 Rc3 42. Re3 Rc2+ 43.
Re2 Rc3 44. Re3 Rc2+ 45. Re2 1/2-1/2